Map: [ESL] Hardwire

Players

Rogue

  • Race: Zerg Zerg

Serral - Winner!

  • Race: Zerg Zerg

Event: IEM Katowice 2022

VOD

Have the link to the VOD?

Description

Time

  • Played on: Feb. 27, 2022, 5:53 a.m.
  • Length: 13:16

All games in this series

Show
View Real Time Build Order
Export as new Build Order

Rogue Zerg 

Build Orders: Hatch First 

Get SALT Encoding   

  12  0:00  Drone  
  13  0:12  Overlord  
  13  0:17  Drone  
  14  0:30  Drone  
  14  0:31  Drone  
  16  0:48  Hatchery  
  15  0:51  Drone  
  15  0:54  Drone  
  17  0:57  Drone  
  18  1:08  Extractor  
  17  1:12  Spawning Pool  
  17  1:15  Drone  
  17  1:18  Drone  
  18  1:28  Drone  
  19  1:38  Drone  
  20  1:49  Drone  
  21  1:59  Queen x2  
  21  2:00  Zergling x2  
  21  2:01  Overlord  
  26  2:11  Drone x2, Metabolic Boost  
  28  2:22  Drone x2  
  30  2:33  Drone x2  
  32  2:38  Hatchery  
  32  2:43  Queen  
  33  2:53  Drone, Baneling Nest  
  33  2:55  Zergling x2  
  34  2:58  Overlord  
  34  3:02  Drone  
  34  3:04  Drone  
  36  3:16  Drone  
  36  3:17  Drone x3, Zergling x4  
  36  3:18  Zergling x2  
  43  3:26  Overlord  
  43  3:27  Drone  
  43  3:32  Evolution Chamber  
  43  3:38  Drone  
  44  3:45  Drone x2  
  44  3:46  Drone  
  47  3:52  Drone x3  
  49  3:56  Drone x3  
  49  4:01  Extractor x2  
  50  4:03  Zerg Missile Weapons Level 1  
  50  4:04  Roach Warren, Baneling x2  
  50  4:05  Zergling x4  
  50  4:06  Drone  
  52  4:12  Drone x3  
  52  4:13  Drone  
  56  4:17  Lair  
  56  4:19  Overlord  
  56  4:24  Drone  
  57  4:26  Drone  
  57  4:28  Overlord  
  58  4:35  Overlord  
  58  4:38  Drone x5  
  63  4:39  Drone  
  63  4:43  Overlord  
  63  4:44  Drone  
  66  4:45  Drone  
  66  4:47  Drone  
  67  4:57  Roach x4  
  67  4:59  Roach x2  
  79  5:02  Roach  
  81  5:08  Baneling  
  81  5:09  Baneling x2, Spine Crawler x2  
  81  5:10  Roach  
  81  5:14  Roach  
  82  5:15  Baneling x5  
  82  5:18  Overlord  
  82  5:20  Roach  
  84  5:22  Roach  
  84  5:25  Drone x3  
  84  5:26  Drone  
  90  5:31  Overlord x2, Extractor  
  90  5:34  Overlord, Extractor  
  90  5:35  Overlord, Extractor  
  90  5:39  Drone x2  
  91  5:43  Drone x3  
  91  5:44  Drone  
  91  5:45  Drone x2  
  96  5:50  Spire  
  95  5:58  Drone  
  95  6:01  Drone x3  
  99  6:07  Zergling x8  
  99  6:09  Hatchery, Zerg Missile Weapons Level 2  
  99  6:11  Overlord  
  102  6:19  Overlord  
  102  6:22  Glial Reconstitution  
  103  6:25  Drone  
  103  6:27  Evolution Chamber  
  103  6:28  Overlord  
  102  6:40  Drone  
  99  7:01  Mutalisk x3  
  99  7:02  Mutalisk x5  
  99  7:03  Roach x3  
  99  7:07  Roach  
  120  7:12  Roach x5  
  120  7:13  Queen  
  130  7:17  Drone, Roach  
  130  7:18  Roach x2  
  130  7:19  Roach  
  130  7:22  Overlord x2, Roach x2  
  143  7:23  Roach  
  143  7:25  Roach  
  143  7:26  Roach  
  143  7:28  Roach  
  143  7:29  Roach  
  153  7:30  Roach  
  153  7:34  Overlord  
  155  7:39  Overlord  
  155  7:46  Drone  
  155  7:48  Overlord  
  155  7:49  Roach  
  155  7:50  Nydus Network, Roach x5  
  167  7:51  Roach  
  167  7:52  Roach  
  167  7:54  Roach  
  171  8:01  Roach x5  
  171  8:03  Overlord  
  179  8:06  Roach  
  179  8:08  Roach  
  179  8:09  Roach  
  179  8:11  Roach x2  
  189  8:19  Roach x4  
  197  8:34  Nydus Canal  
  197  8:36  Roach  
  199  8:46  Roach  
  200  8:52  Nydus Canal  
  200  9:01  Roach x5  
  198  9:04  Roach x4  
  198  9:05  Roach x4  
  198  9:07  Extractor  
  198  9:09  Roach x7  
  185  9:10  Roach  
  185  9:11  Roach x2  
  185  9:12  Roach  
  185  9:14  Roach  
  185  9:15  Roach  
  161  9:19  Roach  
  161  9:22  Zerg Ground Armor Level 1  
  147  9:24  Nydus Canal  
  147  9:25  Drone x2  
  147  9:26  Drone  
  150  9:31  Drone  
  150  9:35  Drone x2, Spore Crawler  
  152  9:38  Burrow  
  152  9:39  Tunneling Claws  
  152  9:46  Roach x5  
  162  9:57  Roach x7  
  162  9:58  Roach  
  180  10:00  Roach  
  180  10:01  Roach  
  180  10:02  Overseer, Roach  
  184  10:08  Extractor  
  184  10:13  Roach  
  185  10:15  Roach x2  
  186  10:23  Roach  
  188  10:32  Ravager x6  
  194  10:39  Spine Crawler  
  194  10:40  Ravager x2  
  195  10:44  Hatchery, Pneumatized Carapace  
  195  10:46  Roach x2  
  195  10:47  Roach x16  
  195  10:48  Roach  
  200  11:07  Infestation Pit  
  199  11:12  Ravager  
  200  11:39  Nydus Canal  
  180  11:56  Roach x6  
  180  11:57  Nydus Canal  
  180  12:00  Roach  
  180  12:01  Roach x22  
  185  12:02  Roach  
  197  12:12  Roach x2  
  197  12:13  Hydralisk Den  
  188  12:16  Roach x7  
  188  12:22  Roach  
  198  12:24  Overlord  
  198  12:26  Overlord  
  198  12:28  Overlord  
  198  12:33  Overlord, Nydus Canal  
  198  12:35  Overlord  
  193  12:48  Roach x6  
  193  12:49  Roach x2  
  193  12:51  Roach x3  
  195  12:55  Roach x2  
  195  12:56  Overlord  
Show
View Real Time Build Order
Export as new Build Order

Serral Zerg - Winner!

Build Orders: Hatch First 

Get SALT Encoding   

  12  0:00  Drone  
  13  0:11  Overlord  
  13  0:16  Drone  
  14  0:30  Drone x2  
  16  0:47  Hatchery  
  15  0:50  Drone  
  15  0:53  Drone  
  18  0:57  Drone  
  18  1:08  Extractor  
  17  1:12  Spawning Pool  
  17  1:15  Drone  
  17  1:19  Drone  
  18  1:27  Drone  
  19  1:38  Drone  
  20  1:56  Drone  
  20  1:59  Queen x2  
  20  2:00  Zergling x2  
  20  2:01  Overlord  
  26  2:10  Drone x2  
  26  2:12  Metabolic Boost  
  28  2:21  Drone x2  
  30  2:31  Zergling x4  
  32  2:37  Hatchery  
  32  2:42  Drone  
  32  2:49  Baneling Nest  
  31  2:51  Overlord  
  31  2:55  Drone  
  31  2:56  Drone  
  33  3:00  Queen  
  33  3:05  Drone  
  36  3:10  Drone x3  
  39  3:14  Overlord  
  39  3:17  Zergling x2  
  39  3:19  Zergling x2  
  41  3:21  Zergling x2  
  41  3:25  Drone  
  43  3:31  Evolution Chamber  
  43  3:32  Drone x2  
  44  3:39  Drone x4  
  48  3:47  Drone x2  
  50  3:49  Drone  
  50  3:53  Roach Warren  
  50  3:55  Overlord  
  50  3:56  Drone  
  50  3:59  Zerg Missile Weapons Level 1  
  50  4:02  Drone  
  52  4:05  Extractor  
  52  4:06  Overlord  
  52  4:09  Baneling  
  51  4:10  Drone x2  
  51  4:12  Drone x2  
  51  4:15  Zergling x2  
  56  4:17  Overlord  
  55  4:31  Overlord  
  55  4:33  Roach  
  55  4:34  Roach x5  
  67  4:39  Roach  
  67  4:44  Zergling x10  
  74  4:47  Zergling x2  
  74  4:51  Zergling x6  
  78  4:58  Baneling x3  
  77  5:00  Drone x5  
  77  5:02  Drone  
  77  5:03  Extractor  
  77  5:04  Extractor  
  77  5:07  Lair, Drone  
  82  5:10  Overlord  
  82  5:13  Drone  
  83  5:15  Drone x3  
  83  5:16  Baneling  
  83  5:17  Drone  
  83  5:20  Drone x2  
  89  5:24  Drone  
  89  5:29  Overlord  
  89  5:31  Drone x2  
  89  5:32  Drone  
  89  5:33  Drone x2  
  94  5:37  Drone  
  94  5:39  Roach  
  97  5:44  Overlord  
  97  5:46  Overlord, Spine Crawler  
  97  5:49  Roach  
  98  5:56  Roach  
  98  5:57  Roach x3, Extractor x2  
  106  5:59  Overlord x3  
  106  6:01  Overlord  
  105  6:08  Overseer  
  104  6:12  Zerg Missile Weapons Level 2  
  104  6:16  Hatchery  
  104  6:17  Pneumatized Carapace  
  103  6:20  Glial Reconstitution  
  103  6:23  Drone x4  
  103  6:24  Drone x2  
  103  6:25  Drone  
  110  6:28  Drone  
  110  6:31  Evolution Chamber  
  110  6:33  Roach x3  
  116  6:40  Overlord  
  116  6:42  Roach x3  
  116  6:46  Overlord  
  122  7:00  Zerg Ground Armor Level 1  
  122  7:01  Queen x3  
  125  7:10  Drone x8  
  125  7:14  Overlord  
  127  7:17  Roach x3  
  127  7:18  Roach  
  135  7:25  Roach x3  
  141  7:35  Roach x5  
  151  7:37  Infestation Pit  
  151  7:38  Spore Crawler  
  151  7:41  Drone  
  146  7:45  Spore Crawler  
  146  7:47  Drone, Spore Crawler  
  146  7:48  Drone  
  146  7:50  Spore Crawler  
  145  7:53  Roach x4  
  145  7:55  Queen  
  151  7:58  Queen  
  151  8:03  Spore Crawler  
  151  8:05  Drone x2  
  154  8:09  Ravager x4  
  154  8:10  Ravager x2  
  154  8:12  Spore Crawler, Overlord  
  159  8:15  Overlord  
  159  8:21  Overlord  
  159  8:24  Roach  
  159  8:25  Roach x3  
  167  8:31  Roach x4  
  175  8:35  Ravager x2  
  175  8:40  Roach  
  175  8:41  Roach x5  
  189  8:46  Roach  
  190  8:53  Overlord  
  176  9:03  Roach x8  
  176  9:08  Roach x6  
  182  9:14  Roach x3  
  166  9:18  Roach  
  166  9:22  Roach x2  
  155  9:30  Roach x5  
  165  9:32  Overseer  
  165  9:39  Ravager x2  
  165  9:40  Roach x4  
  175  9:45  Infestor  
  176  9:53  Zerg Ground Armor Level 2  
  176  9:57  Extractor  
  176  9:58  Drone x3  
  177  10:01  Roach x4  
  185  10:07  Roach  
  185  10:08  Roach x3  
  193  10:15  Drone  
  193  10:17  Hydralisk Den  
  191  10:25  Overlord x3  
  191  10:28  Overlord  
  191  10:29  Tunneling Claws  
  191  10:30  Burrow  
  191  10:32  Ravager  
  191  10:35  Overseer, Extractor  
  192  10:39  Overlord  
  191  10:43  Ravager  
  191  10:46  Drone x2  
  191  10:48  Grooved Spines  
  194  10:51  Hive  
  194  10:55  Hydralisk  
  194  10:56  Hydralisk  
  198  11:05  Lurker Den  
  198  11:06  Roach  
  198  11:08  Overseer  
  199  11:18  Overseer x3  
  199  11:25  Spine Crawler  
  199  11:26  Spine Crawler  
  199  11:28  Spine Crawler  
  199  11:29  Spine Crawler x2  
  194  11:33  Hydralisk x3  
  200  11:51  Roach x2  
  178  11:55  Roach x17  
  178  11:59  Muscular Augments  
  178  12:00  Roach  
  178  12:01  Roach x9  
  196  12:09  Lurker x2  
  196  12:14  Roach x5  
  198  12:39  Roach  
  194  12:49  Roach x6  
  194  12:50  Roach x4  
  190  12:54  Roach x10  

Tags
 
Add a new tag
Caveats
  • Supply blocks, unpowered buildings, or Contaminate may cause inaccurate times.
  • Supply counts are checked every 10 seconds.